 Dungeon Crawl Stone Soup version 0.30-a0-241-g1121274140 (webtiles) character file.

Game seed: 10810889760499997001

1145 lunkers the Carver (level 8, -3/61 HPs)
             Began as a Meteoran Wanderer on Oct 11, 2022.
             Was an Initiate of Nemelex Xobeh.
             Slain by a wraith (10 damage)
             ... in an ossuary.
             The game lasted 00:05:50 (1491 turns).

lunkers the Carver (Meteoran Wanderer)              Turns: 1491, Time: 00:05:50

Health: -3/61      AC:  7    Str: 13    XL:     8   Next: 96%
Magic:  10/10      EV: 11    Int: 11    God:    Nemelex Xobeh [......]
Gold:   119        SH:  4    Dex: 19    Spells: 7/7 levels left

rFire   . . .      SeeInvis .    a - +0 falchion
rCold   . . .      Faith    .    j - +0 buckler
rNeg    + . .      Spirit   .    f - +1 ring mail of Awe {rN+}
rPois   .          Reflect  .    (no helmet)
rElec   .          Harm     .    o - +0 cloak
rCorr   .          Rampage  .    (no gloves)
Will    +....                    (no boots)
Stlth   +.........               (no amulet)
HPRegen 0.30/turn                (no ring)
MPRegen 0.12/turn                (no ring)

@: slowed, glowing, very slow
A: sense surroundings 1, otherworldly, glowing, explore regen
a: Renounce Religion, Draw Escape, Draw Destruction, Draw Summoning


You were in an ossuary.
You worshipped Nemelex Xobeh.
Nemelex Xobeh was noncommittal.
You visited 1 branch of the dungeon, and saw 5 of its levels.
You also visited: Ossuary.

You collected 119 gold pieces.

Inventory:

Hand Weapons
 a - a +0 falchion (weapon)
 d - a +0 dagger
 B - a +0 great sword
Missiles
 c - 13 poisoned darts
Armour
 f - the +1 ring mail of Awe (worn) {rN+}
   (You found it on level 2 of the Dungeon)

   rN:        It protects you from negative energy.
 j - a +0 buckler (worn)
 k - a +0 leather armour of fire resistance
 m - a +0 kite shield
 o - a +0 cloak (worn)
Jewellery
 r - the ring "Miczau" {*Corrode rPois rN+ MP+9 Dex+6}
   (You found it on level 5 of the Dungeon)

   [ring of dexterity]

   Dex:       It affects your dexterity (+6).
   rPois:     It protects you from poison.
   rN:        It protects you from negative energy.
   MP:        It affects your magic capacity (+9).
   *Corrode:  It may corrode you when you take damage.
 u - an amulet of magic regeneration
Wands
 t - a wand of iceblast (11)
 y - a wand of flame (24)
Scrolls
 e - 2 scrolls of blinking
 h - 10 scrolls of identify {unknown}
 i - 2 scrolls of fear {unknown}
 l - 3 scrolls of enchant armour {unknown}
 n - a scroll of amnesia {unknown}
 p - a scroll of vulnerability {unknown}
 q - 2 scrolls of teleportation {unknown}
 s - a scroll of poison {unknown}
 v - a scroll of fog {unknown}
 x - a scroll of silence {unknown}
 z - a scroll of noise {unknown}
 A - a scroll of acquirement {unknown}
Potions
 g - 2 potions of curing
 w - a potion of cancellation {unknown}


   Skills:
 + Level 2.1 Fighting
 + Level 10.5 Long Blades
 - Level 1.2 Throwing
 + Level 3.1 Armour
 * Level 2.7 Dodging
 - Level 1.0 Stealth
 + Level 2.0 Invocations
 - Level 4.8 Evocations


You had 7 spell levels left.
You didn't know any spells.
Your spell library contained the following spells:

 Spells                   Type           Power      Damage    Failure   Level
 Ensorcelled Hibernation  Hex/Ice        0%         N/A       83%         2
 Passwall                 Tmut/Erth      0%         N/A       83%         2
 Swiftness                Air            0%         N/A       97%         3


Dungeon Overview and Level Annotations

Branches:
Dungeon (5/15) Zot: 1688  Ossuary (1/1) Zot: 397
 Temple: D:4-7

Altars:
Nemelex Xobeh

Shops:
D:5 :


Innate Abilities, Weirdness & Mutations

You passively map a small area around you.
You are easily found by Zot.
You glow in the dark.
You regain HP and MP as you explore.


Message History

The wraith is heavily damaged.
The wraith completely misses you.
Aiming: Throw Flame
Press: ? - help, Shift-Dir - straight line, f/p - wraith
Aim: a wraith (heavily damaged, 74% to hit)
The puff of flame hits the wraith.
The wraith is severely damaged.
The wraith hits you.
* * * LOW HITPOINT WARNING * * *
The wraith drains your vigour!
You feel as though you will be slow longer.
The wraith misses you.
Aiming: Throw Flame
Press: ? - help, Shift-Dir - straight line, f/p - wraith
Aim: a wraith (severely damaged, 74% to hit)
The puff of flame hits the wraith.
The wraith is severely damaged.
The wraith hits you!
* * * LOW HITPOINT WARNING * * *
Aiming: Throw Flame
Press: ? - help, Shift-Dir - straight line, f/p - wraith
Aim: a wraith (severely damaged, 74% to hit)
The puff of flame hits the wraith but does no damage.
The wraith is severely damaged.
The wraith hits you!
* * * LOW HITPOINT WARNING * * *
The wraith drains your vigour!
You feel as though you will be slow longer.
The wraith hits you.
* * * LOW HITPOINT WARNING * * *
The wraith drains your vigour!
You feel as though you will be slow longer.
Aiming: Throw Flame
Press: ? - help, Shift-Dir - straight line, f/p - wraith
Aim: a wraith (severely damaged, 74% to hit)
The puff of flame hits the wraith.
The wraith is severely damaged.
The wraith hits you!
You die...
Your body disappears without additional glow.

#################
#.@.............#
#.W##..###..##[.#
#.#.#..#z#..#.#.# ####### ###
#.###..###..###.# #.....# #z#
#...............#
#.8.8.#####▓###.###.......###.#
'.......'.....'.# #.......#z#.#
#.8.8.#####▓###.###.......###.#
#.....# #W# #...............#


You could see a wraith.

Vanquished Creatures
  A wraith (Ossuary)
  An ice beast (D:5)
  2 black bears
  3 ogres
  2 scorpions (D:5)
  A necrophage (D:3)
  A wight (Ossuary)
  A hound (D:3)
  An orc priest (D:5)
  A jelly (D:4)
  2 iguanas
  7 adders
  An ufetubus (D:4)
  An adder zombie (Ossuary)
  A dart slug (D:1)
  4 orcs
  3 endoplasms
  A giant cockroach (D:2)
  2 goblins
  4 hobgoblins
  2 ball pythons
  2 ball python skeletons (Ossuary)
  5 bats
  3 frilled lizards
  2 hobgoblin skeletons (Ossuary)
  2 kobold zombies (Ossuary)
  An orc skeleton (Ossuary)
  2 orc zombies (Ossuary)
  3 rats
62 creatures vanquished.

Notes
Turn   | Place    | Note
-------+----------+-------------------------------------------
     0 | D:1      | lunkers the Meteoran Wanderer began the quest for the Orb.
     0 | D:1      | lunkers set off with the following items: a +0 falchion, a
                  | wand of mindburst (15), 10 poisoned darts, a +0 dagger, a
                  | scroll of blinking, a +0 robe.
     0 | D:1      | Reached XP level 1. HP: 16/16 MP: 2/2
    51 | D:1      | Reached skill level 2 in Long Blades
    74 | D:1      | Reached XP level 2. HP: 3/23 MP: 3/3
   242 | D:2      | Reached skill level 3 in Long Blades
   242 | D:2      | Reached XP level 3. HP: 16/28 MP: 4/4
   278 | D:2      | Identified the +1 ring mail of Awe {rN+}
   569 | D:3      | Reached skill level 4 in Long Blades
   569 | D:3      | Reached XP level 4. HP: 15/35 MP: 5/5
   744 | D:4      | Noticed a necrophage
   777 | D:3      | Killed a necrophage
   778 | D:3      | Reached skill level 5 in Long Blades
   778 | D:3      | Reached XP level 5. HP: 36/40 MP: 6/6
   796 | D:4      | Reached skill level 6 in Long Blades
   811 | D:4      | Reached XP level 6. HP: 42/47 MP: 7/7
   840 | D:4      | Noticed a black bear
   843 | D:4      | Killed a black bear
   843 | D:4      | Noticed an ogre
   844 | D:4      | Reached skill level 7 in Long Blades
   853 | D:4      | Killed an ogre
   854 | D:4      | Reached XP level 7. HP: 5/52 MP: 8/8
   884 | D:4      | Reached skill level 8 in Long Blades
   924 | D:4      | Found a sparkling altar of Nemelex Xobeh.
   928 | D:4      | Became a worshipper of Nemelex Xobeh the Trickster
   952 | D:5      | Entered Level 5 of the Dungeon
   969 | D:5      | Found Vofaw's Vocational Training.
   982 | D:5      | Identified the ring "Miczau" {*Corrode rPois rN+ MP+9
                  | Dex+6}
  1049 | D:5      | Reached skill level 9 in Long Blades
  1136 | D:5      | Reached XP level 8. HP: 46/59 MP: 9/9
  1199 | D:5      | Reached skill level 10 in Long Blades
  1253 | D:5      | Reached skill level 1 in Dodging
  1253 | D:5      | Reached skill level 1 in Invocations
  1301 | D:5      | Found a sand-covered staircase.
  1306 | Ossuary  | Entered an ossuary
  1402 | Ossuary  | Noticed a flying skull
  1402 | Ossuary  | Noticed a wraith
  1415 | Ossuary  | Noticed a flying skull
  1437 | Ossuary  | Noticed a flying skull
  1445 | Ossuary  | Noticed a flying skull
  1446 | Ossuary  | Noticed a wraith
  1454 | Ossuary  | Killed a wraith
  1484 | Ossuary  | Noticed a wraith
  1491 | Ossuary  | Slain by a wraith

Illustrated notes

Levels and vault maps discovered:
D:1:      zelgadis_glass_arrival_small, layout_basic, hangedman_decor_points
D:2:      layout_basic
D:3:      layout_basic, shapermc_ecumenical_altar_mp_vishouse
D:4:      layout_cave_pools, nemelex_diamond_rough_becter
D:5:      layout_loops_ring, mainiacjoe_overflow_alcove_4, enter_ossuary_2,
          nicolae_shop_vocational
Ossuary:  ossuary_due_cavern

Skill      XL: |  1  2  3  4  5  6  7  8 |
---------------+-------------------------+-----
Long Blades    | 2 3 4 5 6 7 9 10 | 10.5
Dodging        | 2 |  2.7
Invocations    | 2 |  2.0
Armour         | 3 |  3.1
Fighting       | 2 |  2.1
Throwing       | |  1.2
Stealth        | |  1.0
Evocations     | |  4.8

Action                   |  1- 3 |  4- 6 |  7- 9 || total
-------------------------+-------+-------+-------++-------
Melee: Falchion          |    77 |    29 |   118 ||   224
Evoke: Wand              |       |     5 |    18 ||    23
  Use: Potion            |     1 |       |       ||     1
Armor: Robe              |    19 |       |       ||    19
       Leather armour    |     2 |       |       ||     2
       Ring mail         |    16 |    22 |    37 ||    75
Dodge: Dodged            |    50 |    15 |    39 ||   104
Block: Buckler           |     5 |     6 |    11 ||    22

Table legend: (Time is in decaauts)
 A = Elapsed time spent in this place.
 B = Non-inter-level travel time spent in this place.
 C = Inter-level travel time spent in this place.
 D = Time resting spent in this place.
 E = Time spent auto-exploring this place.
 F = Levels seen in this place.
 G = Mean time per level.
                   A        B        C        D        E       F      G
               +--------+--------+--------+--------+--------+-----+--------+
         Total |   1512 |   1422 |     90 |      0 |    676 |   6 |  252.0 |
       Dungeon |   1312 |   1222 |     90 |      0 |    559 |   5 |  262.4 |
       Ossuary |    200 |    200 |      0 |      0 |    117 |   1 |  200.0 |
               +--------+--------+--------+--------+--------+-----+--------+

Top non-repeatable levels by time:
     D:3: 375 daAuts
     D:5: 343 daAuts
     D:2: 294 daAuts
 Ossuary: 200 daAuts
     D:4: 170 daAuts
     D:1: 129 daAuts
